 Dungeon Crawl Stone Soup version 0.29.1-debian-1-gc3f1650bb9 (webtiles) character file.

Game seed: 10966985527702754967

328941 LnG the Executioner (level 21, -18/195 (200) HPs)
             Began as a Hill Orc Fighter on Sept 12, 2022.
             Was a Follower of Uskayaw.
             Killed from afar by a spriggan air mage (31 damage)
             ... with a bolt of lightning
             ... on level 3 of the Depths.
             The game lasted 02:42:09 (53297 turns).

LnG the Executioner (Hill Orc Fighter)             Turns: 53297, Time: 02:42:10

HP:   -18/195 (200) AC: 20    Str: 40    XL:     21   Next: 71%
MP:   21/21         EV: 14    Int: 11    God:    Uskayaw [*.....]
Gold: 236           SH: 11    Dex: 10    Spells: 20/20 levels left

rFire   + + .      SeeInvis .   i - +8 broad axe of Royalism {elec, Str+4}
rCold   . . .      Faith    .   K - +3 buckler {AC+3}
rNeg    + + .      Spirit   .   h - +0 ring mail of Makhleb, Breathing {rF+ rN+ Int+3}
rPois   +          Reflect  .   (no helmet)
rElec   .          Harm     .   g - +2 cloak
rCorr   .          Rampage  +   S - +0 pair of gloves
Will    +++++      Clarity  +   x - +3 pair of boots "Feskub" {Rampage rF+ Will+}
Stlth   +++.......              R - amulet of the Four Winds {rN+ Will+++ Clar}
HPRegen 0.42/turn               n - +6 ring of strength
MPRegen 0.17/turn               s - ring of poison resistance

@: lightly drained, invisible, very slow
A: no striking features
}: 2/15 runes: decaying, serpentine
a: Renounce Religion, Stomp


You were on level 3 of the Depths.
You worshipped Uskayaw.
Uskayaw was noncommittal.
You visited 6 branches of the dungeon, and saw 32 of its levels.
You also visited: Ossuary and Gauntlet.

You collected 2694 gold pieces.
You spent 2458 gold pieces at shops.

Inventory:

Hand Weapons
 a - a +2 war axe of chaos
 i - the +8 broad axe of Royalism (weapon) {elec, Str+4}
   (You found it on level 4 of the Lair of Beasts)

   It occasionally discharges a powerful burst of electricity upon striking a
   foe.
   Str:       It affects your strength (+4).
 P - the +8 broad axe of Loorph {flame, rN+}
   (You acquired it on level 10 of the Dungeon)

   It burns those it strikes, dealing additional fire damage.
   Big, fiery blades are also staple armaments of hydra-hunters.
   rN:        It protects you from negative energy.
 V - the +8 demon trident "Rift" {distort, reach+}
   (You found it on level 4 of the Lair of Beasts)

   It warps and distorts space around it, and may blink, banish, or inflict
   extra damage upon those it strikes.
   Unwielding it can cause banishment or high damage.
   It can reach especially far, and its reaching attacks ignore other creatures
   in the way.
Missiles
 A - 5 boomerangs (quivered)
 J - 3 boomerangs of dispersal
Armour
 g - a +2 cloak (worn)
 h - the +0 ring mail of Makhleb, Breathing (worn) {rF+ rN+ Int+3}
   (You found it on level 12 of the Dungeon)

   Int:       It affects your intelligence (+3).
   rF:        It protects you from fire.
   rN:        It protects you from negative energy.
 m - the +3 pair of mountain boots {steadfast, rC+}
   (You acquired it on level 3 of the Dungeon)

   It prevents involuntary movement, except for blinking, teleportation, or
   banishment.
   rC:        It protects you from cold.
 x - the +3 pair of boots "Feskub" (worn) {Rampage rF+ Will+}
   (You found it in a Gauntlet)

   rF:        It protects you from fire.
   Rampage:   It bestows one free step when moving towards enemies.
   Will:      It increases your willpower.
 K - a +3 buckler of protection (worn)
 S - a +0 pair of gloves (worn)
Jewellery
 n - a +6 ring of strength (left hand)
 s - a ring of poison resistance (right hand)
 z - a ring of see invisible
 C - the ring "Hiudot Nogu" {Wiz rC+ Will+ Int+3 Dex-4}
   (You found it in a Gauntlet)

   [ring of wizardry]

   It improves your spell success rate.
   Int:       It affects your intelligence (+3).
   Dex:       It affects your dexterity (-4).
   rC:        It protects you from cold.
   Will:      It increases your willpower.
 D - an amulet of reflection
 I - a ring of flight
 Q - the amulet of Tatyoz {Faith Fragile Str+9 Int-3}
   (You bought it in a shop on level 1 of the Depths)

   [amulet of faith]

   It allows you to gain divine favour quickly.
   Str:       It affects your strength (+9).
   Int:       It affects your intelligence (-3).
   Fragile:   It will be destroyed if unequipped.
 R - the amulet of the Four Winds (around neck) {rN+ Will+++ Clar}
   (You bought it in a shop on level 1 of the Depths)

   [amulet of nothing]

   rN:        It protects you from negative energy.
   Clar:      It protects you against confusion.
   Will:      It greatly increases your willpower.
 T - a ring of fire
Wands
 L - a wand of digging (5)
 N - a wand of paralysis (22)
 Z - a wand of flame (99)
Scrolls
 b - a scroll of silence
 c - 4 scrolls of torment
 e - 2 scrolls of teleportation
 j - 6 scrolls of magic mapping
 o - 5 scrolls of butterflies
 q - 2 scrolls of vulnerability
 w - 3 scrolls of fear
 y - 5 scrolls of enchant armour
 E - 4 scrolls of enchant weapon
 F - 5 scrolls of brand weapon
 O - 4 scrolls of immolation
 X - 6 scrolls of poison
Potions
 d - 2 potions of might
 f - 3 potions of lignification
 k - 5 potions of flight
 p - 5 potions of haste
 t - 4 potions of brilliance
 u - a potion of magic
 B - 16 potions of curing
 G - 3 potions of cancellation
 H - 3 potions of invisibility
 M - 4 potions of berserk rage
 U - a potion of resistance
 Y - 2 potions of ambrosia
Miscellaneous
 r - a phial of floods
 v - a box of beasts


   Skills:
 + Level 19.9 Fighting
 + Level 23.7 Axes
 + Level 3.4 Throwing
 + Level 13.1 Armour
 + Level 10.2 Dodging
 + Level 15.2 Stealth
 + Level 16.4 Shields
 + Level 0.9 Unarmed Combat


You had 20 spell levels left.
You didn't know any spells.
Your spell library contained the following spells:

 Spells                   Type           Power      Damage    Failure   Level
 Magic Dart               Conj           0%         1d3       43%         1
 Necrotise                Necr           0%         1d4       43%         1
 Summon Small Mammal      Summ           0%         N/A       43%         1
 Call Imp                 Summ           0%         N/A       58%         2
 Cigotuvi's Dreadful Rot  Necr/Pois/Air  0%         N/A       58%         2
 Poisonous Vapours        Pois/Air       0%         N/A       58%         2
 Searing Ray              Conj           0%         2d4       58%         2
 Static Discharge         Conj/Air       0%         3-3/arc   58%         2
 Call Canine Familiar     Summ           0%         N/A       82%         3
 Confusing Touch          Hex            0%         N/A       82%         3
 Gell's Gravitas          Tloc           0%         N/A       82%         3
 Mephitic Cloud           Conj/Pois/Air  0%         N/A       82%         3
 Summon Guardian Golem    Hex/Summ       0%         N/A       82%         3
 Teleport Other           Tloc           0%         N/A       82%         3
 Vampiric Draining        Necr           0%         2d6       82%         3
 Airstrike                Air            0%         2d(0-16)  99%         4
 Dispel Undead            Necr           0%         3d6       99%         4
 Fulminant Prism          Conj/Hex       0%         3d6       99%         4
 Hailstorm                Conj/Ice       0%         3d3       99%         4
 Ice Form                 Ice/Tmut       0%         N/A       99%         4
 Leda's Liquefaction      Hex/Erth       0%         N/A       99%         4
 Sticky Flame             Conj/Fire      0%         2d3       99%         4
 Summon Lightning Spire   Summ/Air       0%         N/A       99%         4
 Agony                    Necr           0%         N/A       100%        5
 Blade Hands              Tmut           0%         N/A       100%        5
 Irradiate                Conj/Tmut      0%         3d11      100%        5
 Lee's Rapid Deconstruct  Erth           0%         3d5*      100%        5
 Lightning Bolt           Conj/Air       0%         1d11      100%        5
 Yara's Violent Unravell  Hex/Tmut       0%         3d3       100%        5
 Dispersal                Tloc           0%         N/A       100%        6
 Simulacrum               Ice/Necr       0%         N/A       100%        6
 Statue Form              Tmut/Erth      0%         N/A       100%        6
 Dragon Form              Tmut           0%         N/A       100%        7
 Enfeeble                 Hex            0%         N/A       100%        7
 Orb of Destruction       Conj           0%         9d5       100%        7
 Spellforged Servitor     Conj/Summ      0%         N/A       100%        7
 Disjunction              Tloc           0%         N/A       100%        8


Dungeon Overview and Level Annotations

Branches:
Dungeon (15/15)            Temple (1/1) D:4            Lair (5/5) D:11
  Swamp (4/4) Lair:2        Snake (4/4) Lair:3        Slime (0/5) Lair:4
    Orc (0/2) D:11         Vaults (0/5) D:13         Depths (3/4) D:15
Ossuary (visited)         Gauntlet (visited)

Altars:
Ashenzari
Cheibriados
Dithmenos
Elyvilon
Fedhas
Gozag
Hepliaklqana
Kikubaaqudgha
Makhleb
Nemelex Xobeh
Okawaru
Qazlal
Ru
Sif Muna
Trog
Uskayaw
Vehumet
Wu Jian
Xom
Yredelemnul
Zin
The Shining One
Beogh
Jiyva

Shops:
D:5 (   D:6 *   D:12 ?   D:15 ??(   Depths:1 =?*

Portals:
Hell: Depths:1 Depths:2
Abyss: Depths:1
Pandemonium: Depths:1 Depths:2

Annotations:
D:9 1 runed translucent door, ravioli's ghost, journeyman OpCj
Lair:3 exclusion: oklob plant
Depths:3 Grunn


Message History

* * * LOW HITPOINT WARNING * * *
Your surroundings suddenly seem different.
You start resting.
A Tzitzimitl is nearby!
The Tzitzimitl gestures at you. The bolt of negative energy hits you!
You partially resist.
You feel drained.
* * * LOW HITPOINT WARNING * * *
A Tzitzimitl is nearby!
Okay, then.
As you read the scroll of butterflies, it crumbles to dust.
You hear the tinkle of a tiny bell.
As you read the scroll of teleportation, it crumbles to dust.
You feel strangely unstable. The Tzitzimitl engulfs your butterfly.
Your butterfly dies!
Your butterfly disappears in a burst of colours!
You swap places.
The Tzitzimitl barely misses your butterfly.
The Tzitzimitl bites your butterfly!
Your butterfly dies!
Your butterfly disappears in a burst of colours!
Your surroundings suddenly seem different.
A fire dragon and an ettin come into view.
You fade into invisibility!
As you read the scroll of teleportation, it crumbles to dust.
You feel strangely unstable.
Your surroundings suddenly seem different.
Found a +0 hand axe.
As you read the scroll of teleportation, it crumbles to dust.
You feel strangely unstable.
Your surroundings suddenly seem different.
Splash!
You fall into the shallow water.
Moving in this stuff is going to be slow. ...and don't expect to remain undetected.
Grunn growls angrily.
You hear a shout!
Grunn splashes around in the water.
A doom hound comes into view.
The spriggan air mage gestures at you while chanting.
The bolt of lightning hits you!!
You die...

~~♣~~P.<.....♣♣~≈~≈≈≈≈≈~~P~♣
~P~~~P.......♣~~~~≈≈≈≈≈≈~~♣♣
.~PP~#.......~~~≈≈≈≈≈i≈≈≈~♣♣
####.#......)♣♣~~≈≈≈≈≈≈≈≈♣~♣##.
# # #.......~~~≈≈≈≈≈≈≈≈≈~♣~##.
#......<~♣~P≈≈≈≈≈≈≈≈~~~##.
#.......♣♣P~~≈≈≈≈≈~~~~♣##.
#........♣~~≈≈≈≈≈≈≈~♣♣♣ ..
#........~@~~≈≈≈≈≈~~~~# #.
+...[....♣~~h♣≈~~P~~♣♣# #.#
#.......[♣♣g~~~~~~~~♣~# #..
#.........♣h~~~~~~~~♣P# ##.
+.........♣♣h~♣~~♣~♣♣.# #.
#..........~~~~~~~P~#.####g
#.........##~~~~~~~♣.......
#.........##♣♣~~~P~##D####.
#.~~~~~~~.+..~~~♣~###.# #.


You could see Grunn, 3 doom hounds and a spriggan air mage (repels missiles).

Vanquished Creatures
  Mara (Snake:3)
  the Lernaean hydra (Swamp:4)
  Vashnia (Snake:4)
  Nikola (Snake:1)
  2 golden dragons (Depths:2)
  A tentacled monstrosity (Depths:2)
  A walking crystal tome (Depths:2)
  6 liches
  Asterion (Snake:2)
  Frances (Swamp:1)
  A sphinx (Depths:2)
  Kirke (Snake:3)
  A thorn hunter (Swamp:1)
  3 nagarajas (Snake:4)
  4 fire giants (Depths:2)
  2 frost giants
  Aizul (Snake:1)
  A balrug (Depths:2)
  Louise (Depths:1)
  A ghoul (Swamp:1)
  An ironbound preserver (D:13)
  6 stone giants
  16 very ugly things
  2 eleionomae
  A deep elf annihilator (Depths:1)
  A minotaur (Gauntlet)
  A bunyip (Swamp:2)
  2 spark wasps (Depths:2)
  5 ettins
  2 merfolk impalers (Depths:2)
  16 hydras
  2 jiangshi (Depths:1)
  3 rakshasas
  4 salamander tyrants
  A ghost crab (Swamp:1)
  7 catoblepae
  3 ice dragons
  3 spriggan air magi
  5 centaur warriors
  15 anacondas
  19 naga warriors
  6 boulder beetles
  4 deep troll earth magi
  2 alligators (Swamp:2)
  4 tengu warriors
  2 vampire magi (Depths:1)
  3 deep troll shamans
  Urug (Lair:5)
  12 death yaks
  2 two-headed ogres
  3 shock serpents
  3 spriggan berserkers (Depths:3)
  A soul eater (Depths:2)
  14 naga sharpshooters
  7 iron trolls
  A fire crab (Gauntlet)
  3 sun demons (Depths:2)
  3 skeletal warriors
  3 goliath frogs
  A fire crab (shapeshifter) (D:15)
  6 salamander mystics
  2 spriggan druids
  10 deep trolls
  4 bog bodies
  13 sea snakes
  2 glowing orange brains
  10 naga ritualists
  10 swamp dragons
  A flayed ghost (Depths:1)
  3 deep elf pyromancers
  An orc knight (D:15)
  26 ugly things
  14 mana vipers
  22 salamanders
  5 manticores
  3 cyclopes
  9 guardian serpents
  20 elephants
  48 black mambas
  2 smoke demons (Depths:2)
  22 naga magi
  A torpor snail (Lair:4)
  A gargoyle (D:12)
  13 cane toads
  3 orange demons
  2 unseen horrors (D:13)
  3 rime drakes
  5 komodo dragons
  2 efreet
  An ice devil (Depths:2)
  2 tengu conjurers
  6 red devils
  6 trolls
  2 bloated husks
  3 polar bears
  3 hornets
  14 blink frogs
  7 tyrant leeches
  Prince Ribbit (Lair:3)
  12 dream sheep
  4 flying skulls (Gauntlet)
  A shadow (D:11)
  A ynoxinul (Depths:1)
  8 spriggans
  3 wyverns
  9 water elementals
  2 wraiths
  3 fire elementals (Gauntlet)
  42 yaks
  3 vampires (D:11)
  3 fire bats (Gauntlet)
  3 basilisks
  20 vampire mosquitoes
  Menkaure (D:5)
  A steam dragon (D:7)
  11 swamp worms
  54 nagas
  4 wargs
  Edmund (D:5)
  34 water moccasins
  Duvessa (D:5)
  A hell hound (Gauntlet)
  7 black bears
  9 swamp drakes
  An ice beast (D:7)
  6 orc warriors
  2 sky beasts
  A tengu (shapeshifter) (D:13)
  2 ogres
  13 centaurs
  26 wolves
  4 boggarts (D:15)
  A phantom (D:4)
  2 kobold brigands
  14 bullfrogs
  2 gnoll sergeants
  4 necrophages (Swamp:1)
  3 scorpions
  6 wights (D:7)
  Dowan (D:5)
  11 killer bees
  6 howler monkeys
  6 electric eels
  4 centaur zombies (Ossuary)
  5 jellies
  2 quasits (D:5)
  A gnoll bouda (D:7)
  4 orc priests
  6 hounds (Lair:1)
  4 iguanas
  Natasha (thrice) (D:2)
  12 orc wizards
  6 mummies (Ossuary)
  12 gnolls
  15 adders
  13 white imps
  3 worms
  The ghost of flotson the Sneak, a weakling DsDe (D:5)
  2 dart slugs
  57 orcs
  4 ball pythons
  3 bats
  11 endoplasms
  3 giant cockroaches
  6 goblins
  8 hobgoblins
  10 jackals
  2 quokkas (D:4)
  5 frilled lizards
  4 hobgoblin zombies (Ossuary)
  22 kobolds
  5 rats
  3 bushes (D:2)
1115 creatures vanquished.

Vanquished Creatures (collateral kills)
  Rupert (Snake:1)
  A naga warrior (Snake:2)
  A shock serpent (Snake:1)
3 creatures vanquished.

Vanquished Creatures (others)
  A salamander mystic (Snake:4)
  A naga mage (Snake:4)
  A black mamba (Snake:2)
  6 humans (Snake:3)
  A boggart (D:15)
  A killer bee zombie (D:9)
  A bush (Lair:5)
  14 demonic plants (Gauntlet)
  52 fungi
  163 plants
241 creatures vanquished.

Grand Total: 1359 creatures vanquished

Notes
Turn   | Place    | Note
-------+----------+-------------------------------------------
     0 | D:1      | LnG the Hill Orc Fighter began the quest for the Orb.
     0 | D:1      | Reached XP level 1. HP: 19/19 MP: 1/1
   292 | D:1      | Reached XP level 2. HP: 23/27 MP: 2/2
   608 | D:1      | Reached XP level 3. HP: 33/33 MP: 3/3
   892 | D:2      | Found a faded altar of an unknown god.
  1068 | D:2      | Reached skill level 3 in Axes
  1157 | D:2      | Reached XP level 4. HP: 40/40 MP: 4/4
  1173 | D:2      | Noticed Natasha
  1187 | D:2      | Killed Natasha
  1208 | D:2      | Noticed Natasha
  1217 | D:2      | Killed Natasha
  1327 | D:2      | Noticed Natasha
  1333 | D:2      | Killed Natasha
  1334 | D:2      | Reached skill level 4 in Axes
  1334 | D:2      | Reached skill level 1 in Dodging
  1334 | D:2      | Reached XP level 5. HP: 35/46 MP: 5/5
  2158 | D:2      | Found a hazy altar of Hepliaklqana.
  3156 | D:3      | Identified a scroll of acquirement
  3157 | D:3      | Acquired the +3 pair of mountain boots {steadfast, rC+}
  3157 | D:3      | Found the +3 pair of mountain boots {steadfast, rC+}
  3169 | D:3      | Reached XP level 6. HP: 27/53 MP: 6/6
  3395 | D:3      | Found a basalt altar of Yredelemnul.
  3556 | D:3      | Found a white marble altar of Elyvilon.
  3767 | D:4      | Found a large runed translucent door.
  3767 | D:4      | Found a large runed translucent door.
  3800 | D:4      | Found a large runed translucent door.
  3800 | D:4      | Found a large runed translucent door.
  3816 | D:4      | Reached skill level 5 in Armour
  3820 | D:4      | Reached skill level 5 in Axes
  4049 | D:4      | Found a staircase to the Ecumenical Temple.
  4070 | D:3      | Reached XP level 7. HP: 48/60 MP: 7/7
  4091 | Temple   | Entered the Ecumenical Temple
  4219 | D:4      | Found a snail-covered altar of Cheibriados.
  4612 | D:4      | Reached skill level 6 in Axes
  4619 | D:4      | Reached skill level 5 in Fighting
  5089 | D:5      | Entered Level 5 of the Dungeon
  5089 | D:5      | Noticed Edmund
  5206 | D:5      | Noticed Duvessa
  5207 | D:5      | Noticed Dowan
  5214 | D:5      | Killed Duvessa
  5214 | D:5      | Noticed Menkaure
  5215 | D:5      | Reached skill level 7 in Axes
  5215 | D:5      | Reached XP level 8. HP: 61/68 MP: 8/8
  5218 | D:5      | Killed Dowan
  5432 | D:5      | Killed Menkaure
  5433 | D:5      | Reached skill level 8 in Axes
  5688 | D:5      | Killed Edmund
  5798 | D:5      | Noticed flotson's ghost (weakling DsDe)
  5813 | D:5      | Found a transporter.
  5837 | D:5      | Found a transporter.
  6217 | D:5      | Reached skill level 9 in Axes
  6387 | D:5      | Found Hidapote's Weapon Boutique.
  6710 | D:5      | Killed flotson's ghost
  6998 | D:6      | Found Kuco's Serpentskin Sales.
  7005 | D:6      | Reached XP level 9. HP: 62/75 MP: 9/9
  7216 | D:6      | Reached skill level 10 in Axes
  7295 | D:6      | Found a broken altar of Ashenzari.
  8279 | D:7      | Reached skill level 11 in Axes
  8594 | D:7      | Reached skill level 5 in Shields
  8666 | D:7      | Reached XP level 10. HP: 75/86 MP: 10/10
  9098 | D:8      | Found a sand-covered staircase.
  9107 | Ossuary  | Entered an ossuary
  9118 | Ossuary  | Reached skill level 12 in Axes
  9718 | D:8      | Found a glowing golden altar of the Shining One.
  9767 | D:8      | Found a runed translucent door.
 10030 | D:8      | Reached skill level 13 in Axes
 10043 | D:8      | Found a roughly hewn altar of Beogh.
 10358 | D:9      | Noticed a two-headed ogre
 10363 | D:9      | Killed a two-headed ogre
 10460 | D:9      | Found a hide-covered altar of Uskayaw.
 10470 | D:9      | Became a worshipper of Uskayaw the Reveller
 10493 | D:9      | Noticed a purple ugly thing
 10504 | D:9      | Killed a purple ugly thing
 10760 | D:9      | Found a runed translucent door.
 10761 | D:9      | Found a shimmering altar of Xom.
 10761 | D:9      | Noticed a +2 rapier of chaos
 10761 | D:9      | Noticed ravioli's ghost (journeyman OpCj)
 10854 | D:9      | Reached * piety under Uskayaw
 10863 | D:9      | Found a shimmering altar of Xom.
 10943 | D:9      | Found an opulent altar of Gozag.
 10943 | D:9      | Found a glowing silver altar of Zin.
 11086 | D:10     | Entered Level 10 of the Dungeon
 11091 | D:10     | Reached ** piety under Uskayaw
 11092 | D:10     | Reached skill level 14 in Axes
 11094 | D:10     | Reached *** piety under Uskayaw
 11095 | D:10     | Reached **** piety under Uskayaw
 11096 | D:10     | Reached skill level 1 in Stealth
 11101 | D:10     | Reached XP level 11. HP: 66/95 MP: 11/11
 11296 | D:10     | Found a bloodstained altar of Trog.
 11597 | D:10     | Acquired the +8 broad axe of Loorph {flame, rN+}
 12316 | D:11     | Reached skill level 5 in Dodging
 12426 | D:11     | Found a staircase to the Lair.
 12608 | D:11     | Noticed a manticore
 12631 | D:11     | Killed a manticore
 12979 | D:11     | Found a staircase to the Orcish Mines.
 12994 | D:11     | Reached ***** piety under Uskayaw
 13402 | D:11     | Reached skill level 15 in Axes
 13844 | D:12     | Noticed a boulder beetle
 14023 | D:12     | Killed a boulder beetle
 14167 | D:12     | Identified the +0 ring mail of Makhleb, Breathing {rF+ rN+
                  | Int+3}
 14243 | D:12     | Reached XP level 12. HP: 95/104 MP: 12/12
 14431 | D:12     | Found Nilloolo's Magic Scroll Boutique.
 14439 | D:12     | Bought a scroll of identify for 36 gold pieces
 14439 | D:12     | Bought a scroll of blinking for 135 gold pieces
 14614 | D:12     | Noticed a two-headed ogre
 14618 | D:12     | Killed a two-headed ogre
 14888 | D:13     | Reached skill level 16 in Axes
 14920 | D:13     | Noticed a tengu warrior
 14943 | D:13     | Killed a tengu warrior
 15347 | D:13     | Noticed a boulder beetle
 15347 | D:13     | Noticed a centaur warrior
 15354 | D:13     | Killed a centaur warrior
 15355 | D:13     | Reached skill level 10 in Fighting
 15379 | D:13     | Killed a boulder beetle
 15668 | D:13     | Found a gate to the Vaults.
 15668 | D:13     | Noticed an ironbound preserver
 15679 | D:13     | Killed an ironbound preserver
 16301 | D:13     | Reached skill level 17 in Axes
 16622 | D:14     | Reached skill level 10 in Armour
 16636 | D:14     | Reached XP level 13. HP: 114/115 MP: 13/13
 16951 | D:13     | Reached skill level 18 in Axes
 16987 | D:14     | Reached skill level 5 in Stealth
 17194 | D:14     | Reached skill level 1 in Throwing
 17995 | D:15     | Entered Level 15 of the Dungeon
 17995 | D:15     | Found Zookkeas's Weapon Boutique.
 18593 | D:15     | Found Vinyres's Magic Scroll Boutique.
 18598 | D:15     | Bought a scroll of blinking for 105 gold pieces
 18598 | D:15     | Bought a scroll of identify for 28 gold pieces
 18598 | D:15     | Bought a scroll of blinking for 105 gold pieces
 18598 | D:15     | Bought 2 scrolls of identify for 56 gold pieces
 18598 | D:15     | Bought 2 scrolls of identify for 56 gold pieces
 18598 | D:15     | Bought a scroll of amnesia for 56 gold pieces
 18671 | D:15     | Found Zuwnen's Magic Scroll Shop.
 18680 | D:15     | Bought a scroll of blinking for 127 gold pieces
 18680 | D:15     | Bought a scroll of identify for 34 gold pieces
 18929 | D:15     | Reached skill level 10 in Shields
 18970 | D:15     | Found a staircase to the Depths.
 18970 | D:15     | Noticed a stone giant
 18976 | D:15     | Killed a stone giant
 18983 | D:15     | Reached XP level 14. HP: 126/126 MP: 14/14
 19265 | Lair:1   | Entered Level 1 of the Lair of Beasts
 20701 | Lair:2   | Found a staircase to the Swamp.
 21066 | Lair:2   | Reached skill level 19 in Axes
 21406 | Lair:2   | Found the +5 robe of Misfortune {Harm *Corrode *Slow EV+5}
 21852 | Lair:3   | Found a staircase to the Snake Pit.
 21871 | Lair:3   | Noticed Prince Ribbit
 21879 | Lair:3   | Reached ****** piety under Uskayaw
 21881 | Lair:3   | Killed Prince Ribbit
 22048 | Lair:3   | Found a gate leading to a gauntlet.
 22080 | Gauntlet | Entered a Gauntlet
 22080 | Gauntlet | Found a transporter.
 22094 | Gauntlet | Found a transporter.
 22104 | Gauntlet | Found a transporter.
 22111 | Gauntlet | Found a transporter.
 22127 | Gauntlet | Found a transporter.
 22127 | Gauntlet | Found the +8 longbow "Zephyr" {speed, Dex+3 SInv}
 22146 | Gauntlet | Found a transporter.
 22158 | Gauntlet | Found a transporter.
 22170 | Gauntlet | Found a transporter.
 22176 | Gauntlet | Found a transporter.
 22176 | Gauntlet | Found a transporter.
 22191 | Gauntlet | Found a transporter.
 22203 | Gauntlet | Found a transporter.
 22220 | Gauntlet | Found a transporter.
 22238 | Gauntlet | Found a transporter.
 22240 | Gauntlet | Found a transporter.
 22267 | Gauntlet | Found a transporter.
 22267 | Gauntlet | Found a transporter.
 22287 | Gauntlet | Found a transporter.
 22642 | Gauntlet | Identified the +3 pair of boots "Feskub" {Rampage rF+
                  | Will+}
 22689 | Gauntlet | Identified the ring "Hiudot Nogu" {Wiz rC+ Will+ Int+3
                  | Dex-4}
 23177 | Gauntlet | Identified the +6 trident "Demonslayer" {spect, rC- Int+5}
 23958 | Lair:4   | Reached XP level 15. HP: 131/136 MP: 15/15
 24372 | Lair:4   | Found a viscous altar of Jiyva.
 24372 | Lair:4   | Found a staircase to the Slime Pits.
 24562 | Lair:4   | Found the +8 demon trident "Rift" {distort, reach+}
 24589 | Lair:4   | Identified the +8 broad axe of Royalism {elec, Str+4}
 24745 | Lair:4   | Identified the +4 scale mail of Untruth {Harm Rampage
                  | Stlth+}
 25052 | Lair:4   | Reached XP level 16. HP: 146/146 MP: 16/16
 25280 | Lair:5   | Entered Level 5 of the Lair of Beasts
 25335 | Lair:5   | Reached skill level 20 in Axes
 25974 | Lair:5   | Found a frozen archway.
 26469 | Lair:5   | Reached skill level 10 in Stealth
 26951 | Lair:5   | Noticed Urug
 26963 | Lair:5   | Killed Urug
 27687 | Snake:1  | Entered Level 1 of the Snake Pit
 27691 | Snake:1  | Reached skill level 15 in Fighting
 27713 | Snake:1  | Noticed Rupert
 27720 | Snake:1  | Paralysed by Rupert for 4 turns
 27738 | Snake:1  | Killed Rupert
 27906 | Snake:1  | Noticed Nikola
 27910 | Snake:1  | Noticed Aizul
 27920 | Snake:1  | Killed Nikola
 27924 | Snake:1  | Killed Aizul
 27925 | Snake:1  | Reached XP level 17. HP: 101/156 MP: 17/17
 28164 | Snake:1  | Noticed Asterion
 31219 | Swamp:1  | Entered Level 1 of the Swamp
 31396 | Swamp:1  | Noticed Frances
 31516 | Swamp:1  | Killed Frances
 31517 | Swamp:1  | Reached skill level 21 in Axes
 34308 | Swamp:3  | Acquired 692 gold pieces
 34441 | Swamp:4  | Entered Level 4 of the Swamp
 35067 | Swamp:4  | Reached XP level 18. HP: 168/168 MP: 18/18
 35275 | Swamp:4  | Noticed the 27-headed Lernaean hydra
 35286 | Swamp:4  | HP: 3/168 [seven-headed hydra (7)]
 35835 | Swamp:4  | Killed the 19-headed Lernaean hydra
 36106 | Swamp:4  | Got a decaying rune of Zot
 36602 | Snake:2  | Killed Asterion
 37939 | Snake:3  | Noticed Mara
 37942 | Snake:3  | Noticed LnG's illusion
 38041 | Snake:3  | Noticed LnG's illusion
 38041 | Snake:3  | Killed Mara
 38885 | Snake:3  | Reached skill level 22 in Axes
 39184 | Snake:3  | Noticed Kirke
 39302 | Snake:3  | Killed Kirke
 39835 | Snake:3  | Reached XP level 19. HP: 179/179 MP: 19/19
 40611 | Snake:4  | Entered Level 4 of the Snake Pit
 40670 | Snake:4  | Reached skill level 15 in Shields
 41473 | Snake:4  | Reached XP level 20. HP: 187/187 MP: 20/20
 42206 | Snake:4  | Noticed Vashnia
 42218 | Snake:4  | Killed Vashnia
 43075 | Snake:4  | Got a serpentine rune of Zot
 43743 | Depths:1 | Entered Level 1 of the Depths
 43743 | Depths:1 | Found a gateway to Hell.
 44326 | Depths:1 | Reached skill level 23 in Axes
 45182 | Depths:1 | Found Uvvy's Jewellery Boutique.
 45183 | Depths:1 | Found Nuwapay's Magic Scroll Shop.
 45188 | Depths:1 | Bought the amulet of the Four Winds {rN+ Will+++ Clar} for
                  | 910 gold pieces
 45188 | Depths:1 | Bought the amulet of Tatyoz {Faith Fragile Str+9 Int-3} for
                  | 810 gold pieces
 45188 | Depths:1 | Found the amulet of the Four Winds {rN+ Will+++ Clar}
 45522 | Depths:1 | Found Mieca's Assorted Antiques.
 46043 | Depths:1 | Noticed Louise
 46050 | Depths:1 | Found a one-way gate to the infinite horrors of the Abyss.
 46064 | Depths:1 | Killed Louise
 46780 | Depths:1 | Found a one-way gate leading to the halls of Pandemonium.
 46849 | Depths:1 | Reached XP level 21. HP: 111/196 MP: 21/21
 48405 | Depths:1 | Found a shimmering blue altar of Sif Muna.
 49868 | Depths:2 | Identified the +5 ring mail of Baldness {rF- Str+6}
 50230 | Depths:2 | Noticed a golden dragon
 50242 | Depths:2 | Killed a golden dragon
 50298 | Depths:2 | Noticed a golden dragon
 50312 | Depths:2 | Killed a golden dragon
 50313 | Depths:2 | Reached skill level 10 in Dodging
 51059 | Depths:2 | Reached skill level 15 in Stealth
 51069 | Depths:2 | Identified the +1 battleaxe of Fimbulwinter {vorpal, rElec
                  | rF+ rN+}
 53219 | Depths:3 | Noticed Grunn
 53225 | Depths:3 | Noticed a bone dragon
 53279 | Depths:3 | HP: 5/195 [Tzitzimitl/bolt of negative energy[a doom hound]
                  | (16)]
 53297 | Depths:3 | Killed from afar by a spriggan air mage

Illustrated notes

Levels and vault maps discovered:
D:1:      dpeg_arrival_pond, layout_loops_ring, serial_forest,
          infiniplex_forest_straight_2, infiniplex_forest_clump_cross,
          infiniplex_forest_3_way, infiniplex_forest_clump_tiny,
          infiniplex_forest_straight_2, infiniplex_forest_zigzag_1,
          infiniplex_forest_lined_4_way, minivault_26
D:2:      layout_basic, serial_forest, infiniplex_forest_clump_C,
          infiniplex_forest_lined_corner, infiniplex_forest_lined_3,
          infiniplex_forest_corner_1, infiniplex_forest_lined_corner,
          infiniplex_forest_lined_2, infiniplex_forest_zigzag_2,
          infiniplex_forest_end_2, infiniplex_forest_end_2,
          infiniplex_forest_straight_3, ebering_ecumenical_altar_webs,
          basic_altar, uniq_natasha
D:3:      layout_basic, kennysheep_ying_yang
D:4:      layout_rooms, slow_altar_1, minmay_temple_entry_statues,
          minmay_hollow_rounded_squares
D:5:      layout_rooms, serial_shops, nicolae_shop_behind_doors,
          gammafunk_ghost_stat_death, chequers_jeans, uniq_duvessa,
          uniq_menkaure, uniq_edmund
D:6:      layout_gridville, nicolae_ashenzari_panopticon, guppyfry_shop_venom
D:7:      minmay_recursive_quarters, layout_loops_ring
D:8:      layout_cave_pools, nicolae_tso_carved_into_rock,
          nicolae_ossuary_entry_ruins, lightli_church_of_beogh
D:9:      layout_gridville, grunt_temple_overflow_gold_and_silver,
          lemuel_coloured_pillars_altar, old_standard_altar, ebering_ghost_xom
D:10:     layout_loops_corners, kennysheep_mini_moat, amethyst_killhole
D:11:     layout_long_grid, due_lair_maze_entry_diamond,
          minmay_orc_entry_guard_dogs
D:12:     layout_loops_corners, serial_shops, nicolae_shop_advertising_works
          [nicolae_subvault_shop_adworks], minmay_beelzebubs_servants
D:13:     layout_grid_maze, skrybe_vaults_entry_preservation
D:14:     layout_cave_pools, grunt_decor_arrowhead, minivault_27
D:15:     grunt_enter_depths_snipers, layout_loops_corners, serial_shops,
          nicolae_shop_bloodbath_and_beyond, shop, nicolae_square_shop
Temple:   hellmonk_temple_two_chambers
Lair:1:   beast_lair_carwin_large_4, layout_cave_pods, grunt_megastairs_3
Lair:2:   nzn_winding_woodlands_medium [nzn_winding_woodlands_5x5_perimeter,
          nzn_winding_woodlands_5x15_longhouse,
          nzn_winding_woodlands_5x5_closed_star,
          nzn_winding_woodlands_5x5_default,
          nzn_winding_woodlands_center_diamonds,
          nzn_winding_woodlands_5x5_checkerboard,
          nzn_winding_woodlands_hourglass, nzn_winding_woodlands_5x15_pool,
          nzn_winding_woodlands_5x5_cross], layout_long_grid,
          skrybe_swamp_entry_bodies, forest_entry_grove,
          infiniplex_staircase_pool
Lair:3:   layout_chaotic_city, guppyfry_snake_entry_garden,
          gauntlet_entry_generic, serial_bayou, serial_bayou_shore_b,
          serial_bayou_pond_a, serial_bayou_ford_a, serial_bayou_lagoon_a,
          cheibrodos_lair_caveside_slide, cheibrodos_lair_reptile_den,
          uniq_prince_ribbit2
Lair:4:   layout_layer_cave, nicolae_slime_entry_slimehenge,
          minmay_shattered_shrine
Lair:5:   evilmike_catoblepas_cave, layout_loops_ring,
          portal_ice_cave_entry_imps, chequers_serial_rivers_small_3,
          st_stairs_10, evilmike_ambush [evilmike_ambush_outer_basic,
          evilmike_ambush_inner_basic], uniq_urug
Swamp:1:  layout_falls_marsh, nicolae_swamp_tree_designs, uniq_frances
Swamp:2:  layout_basic_swamp, evilmike_swamp_ruin_rubble_1
Swamp:3:  nicolae_swamp_tree_isthmus, layout_falls_marsh,
          evilmike_swamp_ruin_house_3, swamp_pool1
Swamp:4:  swamp_old_school, layout_basic_swamp
Snake:1:  kennysheep_snake, layout_cave_shapes,
          nicolae_snake_yet_another_twisty_hallway, serial_bayou_shore_a,
          uniq_asterion, uniq_rupert, uniq_aizul, uniq_nikola
Snake:2:  layout_onion_interference, nicolae_snake_gridmaze_tees
Snake:3:  layout_basic, uniq_mara, uniq_kirke
Snake:4:  grunt_snake_rune_serpentine_throne, layout_cave_town, drop_trap,
          grunt_megastairs_1, lemuel_fruit_tree
Depths:1: layout_twisted_cross, hell_entry, serial_shops, shop,
          rand_demon_pan_entry_4, nicolae_abyss_entry_one_way_or_another,
          hangedman_decor_riveting, tgw_sif, minmay_shoptagon
Depths:2: hellmonk_destroyed_diamonds, layout_basic, grunt_hell_entry_dis_old,
          grunt_pan_entry_in_and_out, hangedman_decor_push,
          minmay_checkered_concentric_circles
Depths:3: grunt_double_whammy, layout_gridlike, enter_ziggurat_f, serial_bayou,
          serial_bayou_crossing, serial_bayou_pond_e, serial_bayou_pond_c,
          serial_bayou_shore_b, serial_bayou_lake_a, serial_bayou_pond_c,
          abyss_entry, hell_entry, pan_entry, due_unseen_surprise,
          minmay_staircase_bubble, uniq_enchantress, uniq_parghit, uniq_grunn

Skill      XL: |  1  2  3  4  5  6  7  8  9 10 11 12 13 14 15 16 17 18 19 20 21 |
---------------+----------------------------------------------------------------+-----
Fighting       | 4 5 6 7 8 9 10 12 13 14 15 16 17 18 19 | 19.9
Armour         | 4 5 6 8 9 10 11 12 13 | 13.1
Axes           | 3 4 5 7 9 11 14 15 17 18 19 20 21 22 23 | 23.7
Dodging        | 1 2 3 4 5 6 7 8 9 10 | 10.2
Shields        | 4 5 6 7 8 10 11 12 13 14 15 16 | 16.4
Stealth        | 1 3 4 6 7 8 10 11 12 13 14 15 | 15.2
Throwing       | 1 2 3 |  3.4
Unarmed Combat | |  0.9

Action                   |  1- 3 |  4- 6 |  7- 9 | 10-12 | 13-15 | 16-18 | 19-21 || total
-------------------------+-------+-------+-------+-------+-------+-------+-------++-------
Melee: War axe           |   116 |   233 |   345 |   198 |       |       |       ||   892
       Unarmed           |       |       |    14 |       |       |       |       ||    14
       Broad axe         |       |       |       |   235 |   534 |   959 |   748 ||  2476
Throw: Boomerang         |       |       |     1 |     4 |     3 |    65 |    26 ||    99
Evoke: Wand              |       |       |       |       |       |     2 |       ||     2
  Use: Scroll            |     1 |     5 |     4 |    15 |    11 |    10 |    17 ||    63
       Potion            |       |     2 |     1 |     2 |     1 |     8 |    10 ||    24
 Stab: Paralysed         |       |       |       |    19 |    47 |    96 |    80 ||   242
       Sleeping          |       |       |       |       |    11 |    21 |    13 ||    45
       Petrified         |       |       |       |       |     2 |     4 |       ||     6
       Distracted        |       |       |       |       |       |     2 |     5 ||     7
       Petrifying        |       |       |       |       |       |     1 |       ||     1
Armor: Scale mail        |    67 |    69 |   185 |   154 |       |       |       ||   475
       Ring mail         |       |       |       |    49 |   155 |   296 |   207 ||   707
Dodge: Dodged            |    49 |    50 |   169 |   158 |   142 |   294 |   257 ||  1119
Block: Buckler           |    29 |    30 |    71 |   256 |   276 |   568 |   326 ||  1556
       Reflection        |       |       |       |    21 |    19 |    41 |    28 ||   109
